Map: Dusk Towers

Players

LilDicky - Winner!

  • Race: Terran Terran
  • League: Diamond

IfKing

  • Race: Terran Terran
  • League: Platinum

VOD

http://www.twitch.tv/tumescentpie

Description

Time

  • Played on: Jan. 2, 2016, 12:42 a.m.
  • Length: 6:01
Show
View Real Time Build Order
Export as new Build Order

LilDicky Terran - Winner!

Build Orders: Liberator Opening 

Get SALT Encoding   

  12  0:01  SCV  
  13  0:14  SCV  
  14  0:18  Supply Depot  
  14  0:26  SCV  
  15  0:33  Refinery  
  15  0:39  SCV  
  16  0:45  Barracks  
  16  0:51  SCV  
  17  1:04  SCV  
  18  1:07  Refinery  
  18  1:16  SCV  
  19  1:28  SCV  
  19  1:31  Marine  
  21  1:35  Supply Depot  
  21  1:40  Orbital Command  
  21  1:46  Factory  
  21  1:50  Marine  
  22  2:05  SCV  
  22  2:08  Marine  
  24  2:18  SCV  
  24  2:20  Supply Depot  
  25  2:30  SCV  
  25  2:33  Factory Tech Lab  
  25  2:34  Starport  
  25  2:36  Marine  
  27  2:42  SCV  
  28  2:54  Marine  
  28  2:57  Liberator  
  29  2:58  SCV  
  29  3:02  Siege Tank  
  33  3:10  SCV  
  34  3:14  Supply Depot  
  34  3:18  Marine  
  38  3:23  SCV  
  39  3:35  SCV, Siege Tank, Supply Depot  
  39  3:40  Marine  
  39  3:41  Supply Depot  
  44  3:50  SCV  
  45  4:00  Supply Depot  
  45  4:05  Viking  
  45  4:06  SCV  
  48  4:18  SCV  
  48  4:23  Liberator, Marine  
  50  4:26  Command Center  
  50  4:27  Siege Tank  
  50  4:30  SCV  
  54  4:40  Marine  
  54  4:43  SCV  
  58  5:30  Marine  
  59  5:54  Engineering Bay  
Show
View Real Time Build Order
Export as new Build Order

IfKing Terran 

Build Orders: Reaper Expand 

Get SALT Encoding   

  12  0:01  SCV  
  13  0:13  SCV  
  14  0:19  Supply Depot  
  14  0:25  SCV  
  15  0:40  SCV  
  15  0:42  Barracks  
  16  0:46  Refinery  
  16  0:52  SCV  
  17  1:05  SCV  
  18  1:17  SCV  
  19  1:31  Orbital Command  
  19  1:34  Reaper  
  20  1:44  Command Center  
  20  1:56  SCV  
  21  2:05  Supply Depot  
  21  2:06  Marine  
  22  2:08  SCV  
  23  2:18  Factory  
  23  2:20  Refinery  
  23  2:27  SCV, Marine  
  25  2:39  SCV  
  26  2:53  SCV, Factory  
  26  2:56  Orbital Command  
  26  2:59  Refinery  
  26  3:05  SCV  
  26  3:07  Marine  
  26  3:11  Factory Tech Lab  
  28  3:18  SCV  
  29  3:21  Armory  
  29  3:22  SCV  
  30  3:30  SCV  
  30  3:34  SCV  
  32  3:40  Siege Tank  
  35  3:42  SCV  
  35  3:46  SCV  
  35  3:47  Refinery  
  37  3:53  Factory Reactor  
  37  3:54  SCV  
  38  4:02  SCV  
  39  4:06  SCV  
  40  4:12  Starport  
  40  4:14  SCV  
  41  4:18  SCV  
  42  4:26  SCV  
  42  4:30  SCV  
  44  4:36  Engineering Bay  
  44  4:37  Hellbat  
  46  4:41  Siege Tank, Hellbat  
  51  4:56  Viking  
  51  5:05  Missile Turret  
  51  5:07  Missile Turret  
  51  5:09  Missile Turret  
  35  5:50  Supply Depot x2  
  35  5:51  Supply Depot  
Tags
 
Add a new tag
Caveats
  • Supply blocks, unpowered buildings, or Contaminate may cause inaccurate times.
  • Supply counts are checked every 10 seconds.